 Dungeon Crawl Stone Soup version 0.29.1-4-g47bece8355 (webtiles) character file.

Game seed: 6349415213646868880

7 ChadusMaximus the Caller (level 2, -1/19 HPs)
             Began as a Human Summoner on Dec 9, 2022.
             Slain by a quokka (2 damage)
             ... on level 1 of the Dungeon.
             The game lasted 00:00:43 (622 turns).

ChadusMaximus the Caller (Human Summoner)            Turns: 622, Time: 00:00:44

Health: -1/19      AC:  2    Str:  8    XL:     2   Next: 10%
Magic:  1/5        EV: 12    Int: 15    God:
Gold:   19         SH:  0    Dex: 13    Spells: 4/5 levels left

rFire   . . .      SeeInvis .   d - +0 short sword
rCold   . . .      Faith    .   (no shield)
rNeg    . . .      Spirit   .   a - +0 robe
rPois   .          Reflect  .   (no helmet)
rElec   .          Harm     .   (no cloak)
rCorr   .          Rampage  .   (no gloves)
Will    .....                   (no boots)
Stlth   ++........              (no amulet)
HPRegen 0.06/turn               (no ring)
MPRegen 0.09/turn               (no ring)

@: no status effects
A: no striking features
a: no special abilities


You were on level 1 of the Dungeon.
You visited 1 branch of the dungeon, and saw 1 of its levels.

You collected 19 gold pieces.

Inventory:

Hand Weapons
 d - a +0 short sword (weapon)
Armour
 a - a +0 robe (worn)
Scrolls
 c - a scroll of identify {unknown}
Potions
 b - a potion of magic
 e - a potion of cancellation {unknown}


   Skills:
 - Level 2.0 Dodging
 - Level 2.0 Stealth
 + Level 2.3 Spellcasting
 + Level 4.2 Summonings


You had 4 spell levels left.
You knew the following spells:

 Your Spells              Type           Power      Damage    Failure   Level
a - Summon Small Mammal   Summ           56%        N/A       3%          1

Your spell library contained the following spells:

 Spells                   Type           Power      Damage    Failure   Level
 Call Imp                 Summ           14%        N/A       6%          2
 Call Canine Familiar     Summ           14%        N/A       12%         3
 Summon Guardian Golem    Hex/Summ       8%         N/A       26%         3
 Summon Lightning Spire   Summ/Air       8%         N/A       65%         4


Dungeon Overview and Level Annotations

Branches:
Dungeon (1/15)

Altars:


Message History

The quokka bites you.
* * * LOW HITPOINT WARNING * * *
You swap places.
The quokka bites your rat.
Your rat dies!
Your rat's corpse disappears in a puff of smoke!
Casting: Summon Small Mammal (safe; 3% risk of failure)
Confirm with . or Enter, or press ? or * to list all spells.
The quokka bites you but does no damage.
You swap places.
Your bat closely misses the quokka.
Casting: Summon Small Mammal (safe; 3% risk of failure)
Confirm with . or Enter, or press ? or * to list all spells.
Your bat barely misses the quokka.
The quokka bites you.
* * * LOW HITPOINT WARNING * * *
Your magical contamination has completely faded away.
You swap places.
Your bat hits the quokka. The quokka bites your rat.
Your rat dies!
Your rat's corpse disappears in a puff of smoke!
Casting: Summon Small Mammal (safe; 3% risk of failure)
Confirm with . or Enter, or press ? or * to list all spells.
Your bat hits the quokka but does no damage. x2
The quokka misses you. The quokka attacks as you move away!
The quokka completely misses you.
Your bat barely misses the quokka.
Your bat misses the quokka.
Your rat barely misses the quokka.
You closely miss the quokka.
The quokka is moderately wounded.
The quokka bites you.
* * * LOW HITPOINT WARNING * * *
Your rat barely misses the quokka.
You hit the quokka.
The quokka is heavily wounded.
The quokka completely misses you. The quokka barely misses you.
Your rat bites the quokka.
You closely miss the quokka.
The quokka is severely wounded.
The quokka barely misses you.
Your rat barely misses the quokka.
You closely miss the quokka.
The quokka is severely wounded.
The quokka bites you.
You die...

#.. #######.##### #.# #
#......#.....
#.#####.###>#####.###..
#.##........# #.# #.#
#.##.##.#########.###.#
#.##.##.# #..........#
#.......# #.###..###..
####.#######.###..###.#
#.r@................
#.r#.####.#.......#.
#..#.# #.##...#....
#..#.####.....##.#.#
#.....#..........#.#
##.#..#.#..#.##..#..
#.#.............###
#.#.............###
#.#.....)).........


You could see a quokka (ally target) and a friendly rat (summoned).

Vanquished Creatures
  A ball python (D:1)
  A kobold (D:1)
  2 goblins (D:1)
4 creatures vanquished.

Vanquished Creatures (collateral kills)
  2 hobgoblins (D:1)
  A kobold (D:1)
3 creatures vanquished.

Grand Total: 7 creatures vanquished

Notes
Turn   | Place    | Note
-------+----------+-------------------------------------------
     0 | D:1      | ChadusMaximus the Human Summoner began the quest for the
                  | Orb.
     0 | D:1      | Reached XP level 1. HP: 13/13 MP: 3/3
   366 | D:1      | Reached XP level 2. HP: 19/19 MP: 5/5
   622 | D:1      | Slain by a quokka

Illustrated notes

Levels and vault maps discovered:
D:1:      dpeg_arrival_round_b, layout_loops_ring,
          hellmonk_ecumenical_altar_blasted, chequers_serial_rivers_large_a

Action                   || total
-------------------------++-------
Melee: Short sword       ||    35
       Unarmed           ||     1
 Cast: Summon Small Mamm ||     7
Armor: Robe              ||     5
Dodge: Dodged            ||    30
